 Dungeon Crawl Stone Soup version 0.21.1-1-g345015f (webtiles) character file.

80 rgaf the Slasher (level 4, -1/35 HPs)
             Began as a Vampire Fighter on July 7, 2018.
             Slain by a gnoll
             ... wielding a +0 halberd
              (6 damage)
             ... on level 2 of the Dungeon.
             The game lasted 00:01:38 (1870 turns).

rgaf the Slasher (Vampire Fighter)                  Turns: 1870, Time: 00:01:39

Health: -1/35      AC: 11    Str: 16    XL:     4   Next: 18%
Magic:  4/4        EV:  4    Int: 10    God:
Gold:   135        SH:  8    Dex: 13    Spells: 3/3 levels left

rFire    . . .     SeeInvis +   a - +0 long sword
rCold    + + .     Gourm    .   c - +0 shield
rNeg     + + +     Faith    .   k - +0 chain mail
rPois    ∞         Spirit   .   (no helmet)
rElec    .         Reflect  .   f - +0 cloak
rCorr    .         Harm     .   g - +0 pair of gloves
MR       .....                  (no boots)
Stlth    ..........             (no amulet)
HPRegen  0.00/turn              (no ring)
MPRegen  0.09/turn              (no ring)

@: bloodless, non-regenerating
A: fangs 3, see invisible, unbreathing
a: Bat Form


You were on level 2 of the Dungeon.
You were bloodless.

You visited 1 branch of the dungeon, and saw 2 of its levels.

You collected 135 gold pieces.

Inventory:

Hand Weapons
 a - a +0 long sword (weapon)
Armour
 b - a +0 scale mail
 c - a +0 shield (worn)
 f - a +0 cloak (worn)
 g - a +0 pair of gloves (worn)
 k - a +0 chain mail (worn)
Jewellery
 m - an uncursed ring of protection from magic {unknown}
Scrolls
 h - a scroll of remove curse {unknown}
 i - 4 scrolls of fear {unknown}
 j - 2 scrolls of blinking {unknown}
 l - 2 scrolls of identify {unknown}
 p - a scroll of enchant armour {unknown}
 q - a scroll of magic mapping {unknown}
Potions
 d - 3 potions of might
 e - 15 potions of blood
 n - a potion of brilliance {unknown}
 o - 4 potions of curing {unknown}


   Skills:
 + Level 3.1 Fighting
 + Level 4.1 Long Blades
 - Level 2.4 Armour
 - Level 2.6 Shields


You had 3 spell levels left.
You didn't know any spells.

Dungeon Overview and Level Annotations

Branches:
Dungeon (2/15)

Altars:
Uskayaw


Innate Abilities, Weirdness & Mutations

You do not heal naturally.
You are immune to poison.
You have razor-sharp teeth.
You have supernaturally acute eyesight. (SInv)
You can survive without breathing.


Message History

The gnoll is moderately wounded.
The gnoll hits you with a halberd.
You hit the gnoll.
The gnoll is heavily wounded.
The gnoll barely misses you.
Your chain mail prevents you from hitting the gnoll.
The gnoll is heavily wounded.
The gnoll hits you with a halberd.
* * * LOW HITPOINT WARNING * * *
You hit the gnoll.
The gnoll is severely wounded.
You block the gnoll's attack.
Your shield and chain mail prevent you from hitting the gnoll.
The gnoll is severely wounded.
The gnoll hits you with a halberd.
* * * LOW HITPOINT WARNING * * *
You barely miss the gnoll.
The gnoll is severely wounded.
The gnoll hits you with a halberd.
You die...

#...................##.#.
#....#######........##.#.
#....# #........##.#. .
#....# #........##.#. ..
##..>.#############...#.#.
...##............#
###.#.#. ...'............#
#.#.#. .##............#
#(#.#. #.......g@...#
#.#.#. #............#
#.#.## ###.##########
#.#... #.# #..... #.#
#####. #.# #. #.# #† #.#
#. ##########.


You could see a gnoll.

Vanquished Creatures
  2 gnolls (D:2)
  An adder (D:2)
  A worm (D:2)
  2 dart slugs
  3 leopard geckos
  2 bats (D:1)
  3 giant cockroaches
  9 goblins
  6 hobgoblins
  5 kobolds
  A frilled lizard (D:1)
  4 rats (D:1)
39 creatures vanquished.

Notes
Turn   | Place    | Note
-------+----------+-------------------------------------------
     0 | D:1      | rgaf the Vampire Fighter began the quest for the Orb.
     0 | D:1      | Reached XP level 1. HP: 17/17 MP: 1/1
    76 | D:1      | Reached XP level 2. HP: 23/23 MP: 2/2
   104 | D:1      | Reached skill level 3 in Long Blades
   532 | D:1      | Reached XP level 3. HP: 25/28 MP: 3/3
  1283 | D:2      | Found a hide-covered altar of Uskayaw.
  1544 | D:2      | Reached skill level 4 in Long Blades
  1697 | D:2      | Reached XP level 4. HP: 28/35 MP: 4/4
  1870 | D:2      | Slain by a gnoll

Skill      XL: |  1  2  3 |
---------------+----------+-----
Long Blades    | 3 4 |  4.1
Fighting       | 3 |  3.1
Armour         | |  2.4
Shields        | |  2.6

Action                   |  1- 3 |  4- 6 || total
-------------------------+-------+-------++-------
Melee: Long sword        |   116 |    13 ||   129
       Bite              |    15 |     1 ||    16
Armor: Scale mail        |    30 |       ||    30
       Chain mail        |    25 |     2 ||    27
Dodge: Dodged            |    21 |     2 ||    23
Block: Shield            |    46 |     6 ||    52
       Rpst.: Long sword |     7 |       ||     7
